 Dungeon Crawl Stone Soup version 0.30-a0-385-gfebfb9b408 (webtiles) character file.

Game seed: 13034072209478724287

88 kae the Ruffian (level 4, -3/35 HPs)
             Began as a Draconian Transmuter on Dec 2, 2022.
             Succumbed to a water moccasin's poison
             ... on level 3 of the Dungeon.
             The game lasted 00:02:09 (1868 turns).

kae the Ruffian (Draconian Transmuter)              Turns: 1868, Time: 00:02:10

Health: -3/35      AC:  2    Str: 12    XL:     4   Next: 30%
Magic:  5/8        EV: 19    Int: 16    God:
Gold:   129        SH:  0    Dex: 16    Spells: 2/8 levels left

rFire   . . .      SeeInvis .      - Unarmed
rCold   . . .      Faith    .    (shield currently unavailable)
rNeg    . . .      Spirit   .    (body armour unavailable)
rPois   x          Reflect  .    (helmet currently unavailable)
rElec   .          Harm     .    (cloak currently unavailable)
rCorr   .          Rampage  .    (gloves currently unavailable)
Will    .....                    (boots currently unavailable)
Stlth   +.........               (no amulet)
HPRegen 0.25/turn                (no ring)
MPRegen 0.11/turn                (no ring)

@: lethally poisoned (-3 -> -46), spider-form (expiring)
A: venomous fangs, AC +5, tiny, unfitting armour, (cold-blooded)
a: End Transformation


You were on level 3 of the Dungeon.
You were a venomous arachnid creature.
You visited 1 branch of the dungeon, and saw 3 of its levels.

You collected 129 gold pieces.


Innate Abilities, Weirdness & Mutations

You are a venomous arachnid creature.
You have poisonous fangs.
You are tiny and dextrous.
Your spellcasting is less reliable in this form.
Your armour is entirely melded.
You are incapable of wielding weapons or throwing items.
((Your plain brown scales are hard. (AC +5)))
You cannot fit into any form of body armour.
((You are cold-blooded and may be slowed by cold attacks.))


   Skills:
 - Level 1.1 Fighting
 - Level 1.7 Dodging
 + Level 3.4 Unarmed Combat
 * Level 2.9 Spellcasting
 * Level 3.1 Transmutations
 * Level 1.1 Poison Magic


You had 2 spell levels left.
You knew the following spells:

 Your Spells              Type           Power      Damage    Failure   Level
a - Beastly Appendage     Tmut           24%        N/A       16%         1
b - Wereblood             Tmut           12%        N/A       21%         2
c - Spider Form           Tmut/Pois      9%         N/A       45%         3

Your spell library contained the following spells:

 Spells                   Type           Power      Damage    Failure   Level
 Passwall                 Tmut/Erth      5%         N/A       34%         2
 Sandblast                Erth           4%         2d4       38%         1
 Stone Arrow              Conj/Erth      4%         3d7       71%         3
 Tukima's Dance           Hex            2%         N/A       71%         3
 Ice Form                 Ice/Tmut       7%         N/A       86%         4
 Passage of Golubria      Tloc           2%         N/A       96%         4
 Yara's Violent Unravell  Hex/Tmut       3%         3d4       99%         5

Inventory:

Missiles
 c - 23 stones
 f - 5 poisoned darts
Magical Staves
 d - a staff of cold {!a}
   (You took it off a hobgoblin on level 1 of the Dungeon)
Scrolls
 e - 2 scrolls of enchant armour {unknown}
 h - 3 scrolls of identify {unknown}
 j - 2 scrolls of fog {unknown}
 k - a scroll of poison {unknown}
 m - 3 scrolls of vulnerability {!r!r}
 n - a scroll of noise {unknown}
Potions
 a - a potion of lignification {!q}
 b - a potion of curing {@q1}
 g - a potion of ambrosia {unknown}
 i - 2 potions of haste {unknown}
 l - 2 potions of invisibility {unknown}

Dungeon Overview and Level Annotations

Branches:
Dungeon (3/15) Zot: 16140

Altars:
Dithmenos
Gozag

Annotations:
D:2 1 runed translucent door, Crazy Yiuf

#### # #...
############ #.##...##
#..........# ........#
#..........## #.....#
#...........# #...S.#
#.........<.#
#...#s###..........#..
#...#..............# ≈
#...#..............#
#...#.###.#....##+##
#...#.# #.#..).#
#...#.# #.#....##+#
####...#.###.#........#
#......>..............#
#........###.##.......#


You could see a water moccasin (very poisoned).


Message History

Unknown command.
A kobold is nearby!
You hit the kobold. Your kick misses the kobold. You closely miss the kobold.
The kobold barely misses you.
A kobold is nearby!
You closely miss the kobold. Your headbutt misses the kobold.
Your punch misses the kobold.
The kobold hits you with a +0 short sword.
You hit the kobold.
You kill the kobold! 😕 HP[-3]
You take 3 damage, and now have 32/35 hp.
Your horns disappear.
Your talons disappear.
You see here a +0 short sword.
Found a stone staircase leading down.
h - 3 scrolls labelled YNWERCH EXOM (gained 1) 😎 HP[+3] MP[+1]
Your hp is fully restored (35).
Your mp is fully restored (8).
No target in view!
No target in view!
Found a stone staircase leading up.
Unknown command.
You now have 129 gold pieces (gained 20).
A ball python comes into view.
The ball python hisses angrily.
A ball python is nearby!
Casting: Beastly Appendage (safe; 5% risk of failure)
Confirm with . or Enter, or press ? or * to list all spells.
You grow a pair of large bovine horns.
Your feet morph into talons. 😎 MP[-1]
You lost 1 mp, and now have 7/8 mp.
You hit the ball python. Your kick misses the ball python.
You headbutt the ball python.
You kill the ball python!
Your transformation is almost over.
c - 23 stones (gained 5)
There is a stone staircase leading down here.
Key pressed, stopping explore.
Your horns disappear.
Your talons disappear.
A water moccasin comes into view. 😎 MP[+1]
Your mp is fully restored (8).
A water moccasin is nearby!
Unknown command.
A water moccasin is nearby!
A water moccasin is nearby!
The water moccasin hisses angrily.
Casting: Beastly Appendage (safe; 5% risk of failure)
Confirm with . or Enter, or press ? or * to list all spells.
You grow a pair of large bovine horns.
Your feet morph into talons.
The water moccasin closely misses you. 😎 MP[-1]
You lost 1 mp, and now have 7/8 mp.
Unknown command.
Casting: Beastly Appendage (safe; 5% risk of failure)
Confirm with . or Enter, or press ? or * to list all spells.
The spell is quite dangerous to miscast (24% risk of failure)!
Continue anyway? [Y]es or [N]o only, please.
The spell is quite dangerous to miscast (24% risk of failure)!
Continue anyway?
Your horns disappear.
Your talons disappear.
You turn into a venomous arachnid creature.
The water moccasin bites you but does no damage.
The water moccasin closely misses you. 😎 MP[-3]
You lost 3 mp, and now have 4/8 mp.
You closely miss the water moccasin. The water moccasin barely misses you.
You closely miss the water moccasin. The water moccasin barely misses you.
Unknown command.
You completely miss the water moccasin. The water moccasin misses you.
Unknown command.
You closely miss the water moccasin.
The water moccasin closely misses you. x2
Unknown command.
You hit the water moccasin but do no damage.
The water moccasin misses you.
You closely miss the water moccasin.
Your transformation is almost over.
The water moccasin bites you!
You are poisoned.
The water moccasin poisons you! 😮 HP[-9]
You take 9 damage, and now have 26/35 hp.
MASSIVE DAMAGE!! (PAUSE)
You hit the water moccasin.
You feel very sick. The water moccasin bites you. x2
* * * LOW HITPOINT WARNING * * *
You are more poisoned.
The water moccasin poisons you! 😨 HP[-11] MP[+1]
You take 11 damage, and now have 15/35 hp.
MASSIVE DAMAGE!! (PAUSE)
You hit the water moccasin but do no damage.
* * * LOW HITPOINT WARNING * * *
You feel extremely sick.
The water moccasin misses you. 😱 HP[-10]
You take 10 damage, and now have 5/35 hp.
MASSIVE DAMAGE!! (PAUSE)
You hit the water moccasin.
The water moccasin is poisoned.
You die...

Skill      XL: |  1  2  3 |
---------------+----------+-----
Transmutations | 3 |  3.1
Poison Magic   | 1 |  1.1
Fighting       | |  1.1
Dodging        | |  1.7
Unarmed Combat | |  3.4
Spellcasting   | |  2.9

Action                   |  1- 3 |  4- 6 || total
-------------------------+-------+-------++-------
Melee: Unarmed           |    94 |    27 ||   121
       Tailslap          |    11 |     4 ||    15
       Kick              |    12 |     3 ||    15
       Headbutt          |     7 |     4 ||    11
       Punch             |     3 |       ||     3
 Cast: Beastly Appendage |    16 |     7 ||    23
       Spider Form       |       |     1 ||     1
  Use: Scroll            |     3 |       ||     3
       Potion            |     1 |       ||     1
Armor: Skin              |    18 |     6 ||    24
Dodge: Dodged            |    74 |    15 ||    89

Levels and vault maps discovered:
D:1:      mrwooster_arrival_statue_2, layout_loops_corners, amethyst_killhole,
          minmay_stone_trees_small
D:2:      layout_rooms, basic_altar, small_statue_intersection,
          uniq_crazy_yiuf_cottage
D:3:      layout_basic, chei_slow_surprise, mainiacjoe_overflow_paths

Notes
Turn   | Place    | Note
-------+----------+-------------------------------------------
     0 | D:1      | kae the Draconian Transmuter began the quest for the Orb.
     0 | D:1      | Reached XP level 1. HP: 16/16 MP: 3/3
     0 | D:1      | magus.rc [v1.11.3]
   101 | D:1      | Reached XP level 2. HP: 23/23 MP: 1/5
   612 | D:1      | You pick up a book of Geomancy and begin reading...
   612 | D:1      | You add the spells Sandblast, Passwall and Stone Arrow to
                  | your library.
   969 | D:1      | Learned a level 2 spell: Wereblood
  1025 | D:2      | Reached XP level 3. HP: 24/28 MP: 4/6
  1029 | D:2      | Learned a level 3 spell: Spider Form
  1105 | D:2      | You add the spells Tukima's Dance, Passage of Golubria and
                  | Yara's Violent Unravelling to your library.
  1131 | D:2      | HP: 3/28 [iguana (10)]
  1136 | D:2      | HP: 6/28 [iguana (7)]
  1139 | D:2      | Reached skill level 3 in Transmutations
  1139 | D:2      | Reached skill level 1 in Poison Magic
  1310 | D:2      | Reached XP level 4. HP: 35/35 MP: 8/8
  1328 | D:2      | Found an opulent altar of Gozag.
  1475 | D:2      | Found a runed translucent door.
  1476 | D:2      | Noticed Crazy Yiuf
  1796 | D:3      | Found a shadowy altar of Dithmenos.
  1854 | D:3      | Noticed a water moccasin
  1867 | D:3      | HP: 5/35 [poisoned by a water moccasin]
  1868 | D:3      | Succumbed to a water moccasin's poison

Vanquished Creatures
  An iguana (D:2)
  An adder (D:2)
  3 worms (D:2)
  A dart slug (D:2)
  4 ball pythons
  3 endoplasms
  2 giant cockroaches (D:1)
  A goblin (D:1)
  7 hobgoblins
  3 jackals (D:1)
  3 kobolds
  2 quokkas (D:1)
  3 bats
  3 frilled lizards
  A rat (D:2)
38 creatures vanquished.

Table legend:
 A = Non-vault XP
 B = Vault XP
 C = Vault XP percentage of total XP
 D = Non-vault monster count
 E = Vault monster count
 F = Vault count percentage of total count
                 A         B        C        D         E       F
            +---------+---------+-------+---------+---------+-------
      Total |     127 |       0 |   0.0 |      38 |       0 |   0.0
            +---------+---------+-------+---------+---------+-------
        D:1 |      38 |       0 |   0.0 |      21 |       0 |   0.0
        D:2 |      85 |       0 |   0.0 |      15 |       0 |   0.0
        D:3 |       4 |       0 |   0.0 |       2 |       0 |   0.0
            +---------+---------+-------+---------+---------+-------

Illustrated notes

Table legend:
 A = Kills in this place as a percentage of kills in entire the game.
 B = Kills by you in this place as a percentage of kills by you in the entire game.
 C = Kills by friends in this place as a percentage of kills by friends in the entire game.
 D = Other kills in this place as a percentage of other kills in the entire game.
 E = Experience gained in this place as a percentage of experience gained in the entire game.
 F = Experience gained in this place divided by the number of levels of this place that you have seen.
                   A       B       C       D       E      F
               +-------+-------+-------+-------+-------+----------------------
         Total | 100.0 | 100.0 |   N/A |   N/A | 100.0 |  42.3
       Dungeon | 100.0 | 100.0 |   N/A |   N/A | 100.0 |  42.3
               +-------+-------+-------+-------+-------+----------------------

Table legend: (Time is in decaauts)
 A = Elapsed time spent in this place.
 B = Non-inter-level travel time spent in this place.
 C = Inter-level travel time spent in this place.
 D = Time resting spent in this place.
 E = Time spent auto-exploring this place.
 F = Levels seen in this place.
 G = Mean time per level.
                   A        B        C        D        E       F      G
               +--------+--------+--------+--------+--------+-----+--------+
         Total |   1860 |   1777 |     83 |      0 |   1472 |   3 |  620.0 |
       Dungeon |   1860 |   1777 |     83 |      0 |   1472 |   3 |  620.0 |
               +--------+--------+--------+--------+--------+-----+--------+

Top non-repeatable levels by time:
     D:1: 1011 daAuts
     D:2: 777 daAuts
     D:3: 70 daAuts
